[ AOE2 MATCH · #490956332 ]
UnrankedDravidians vs Spanish
[ REPLAY ANALYSIS · EXTRACTED FROM THE RECORDED GAME ]
Feudal
14:44
Castle
18:14
Imperial
—
| APM avg | 26.0 |
| APM peak | 44 |
| eAPM avg | 13.6 |
| Villagers / military | 45 / 44 |
Focus
⚔️ 23.5% · 🌾 76.5%
Fishing Ship ×19 · Armored Elephant ×17 · Monk ×10 · Urumi Swordsman ×9 · Scorpion ×8
Feudal
13:07
Castle
18:13
Imperial
—
| APM avg | 33.3 |
| APM peak | 76 |
| eAPM avg | 17.1 |
| Villagers / military | 156 / 148 |
Focus
⚔️ 33.2% · 🌾 66.8%
Cavalry Archer ×134 · Battering Ram ×7 · Monk ×4 · Mangonel ×3
Feudal
14:32
Castle
18:12
Imperial
36:31
| APM avg | 35.0 |
| APM peak | 62 |
| eAPM avg | 19.1 |
| Villagers / military | 86 / 49 |
Focus
⚔️ 30.5% · 🌾 69.5%
Spearman ×33 · Conquistador ×14 · Fishing Ship ×4 · Trebuchet (Packed) ×2
Feudal
14:26
Castle
22:03
Imperial
—
| APM avg | 39.1 |
| APM peak | 82 |
| eAPM avg | 18.2 |
| Villagers / military | 82 / 91 |
Focus
⚔️ 24.3% · 🌾 75.7%
Cavalry Archer ×81 · Fishing Ship ×8 · Unknown (2626) ×6 · Mangonel ×5 · War Elephant ×2 · Battering Ram ×2
Feudal
13:59
Castle
22:40
Imperial
—
| APM avg | 18.3 |
| APM peak | 36 |
| eAPM avg | 12.2 |
| Villagers / military | 86 / 110 |
Focus
⚔️ 39.3% · 🌾 60.7%
Samurai ×37 · Skirmisher ×20 · Spearman ×16 · Galley ×15 · Fishing Ship ×15 · Militia ×13
Feudal
15:22
Castle
25:09
Imperial
—
| APM avg | 41.1 |
| APM peak | 82 |
| eAPM avg | 17.6 |
| Villagers / military | 76 / 24 |
Focus
⚔️ 18.0% · 🌾 82.0%
Fishing Ship ×15 · Knight ×10 · Monk ×8 · Scout Cavalry ×6 · Unknown (2626) ×4
Feudal
12:34
Castle
16:56
Imperial
43:21
| APM avg | 19.8 |
| APM peak | 36 |
| eAPM avg | 13.9 |
| Villagers / military | 130 / 46 |
Focus
⚔️ 21.4% · 🌾 78.6%
War Elephant ×41 · Fishing Ship ×9 · Scout Cavalry ×5
Feudal
18:22
Castle
25:22
Imperial
—
| APM avg | 36.9 |
| APM peak | 74 |
| eAPM avg | 19.6 |
| Villagers / military | 97 / 37 |
Focus
⚔️ 20.0% · 🌾 80.0%
Rattan Archer ×32 · Fishing Ship ×6 · Fire Galley ×3 · Battering Ram ×2 · Trade Cart ×1
Match map
Initial resources + every placement click. Lines = walls · curves = elevation contours. ◆ gold · ⬟ stone · ● berries · ✦ relic · ◌ wall gap
Your base· Open — unwalled flank
yonxd's base· Open — 15t gap
CTM | Crawly94's base· Open — unwalled flank
HernanJC's base· Open — 9t gap
R4W's base· Open — unwalled flank
Elamb's base· Open — 7t gap
juand400's base· Open — unwalled flank
Ux'Tycho0201's base· ✓ Closed at 25:22 · 20t walls · no gate
Smoothed initial terrain · ◌ = detected wall gap · hover for details
Inputs per minute
— patrikoffv - - yonxd
Build order — patrikoffv
First 150 of 159 actions detected
| 0:30 | Build | Town Center |
| 0:45 | Build | Dock |
| 1:27 | Build | Palisade Wall |
| 1:29 | Build | Palisade Wall |
| 1:31 | Build | Palisade Wall |
| 1:33 | Build | Palisade Wall |
| 3:16 | Create | Villager (Male) |
| 3:16 | Create | Villager (Male) |
| 3:16 | Create | Villager (Male) |
| 3:17 | Create | Villager (Male) |
| 3:32 | Create | Villager (Male) |
| 3:36 | Build | House |
| 4:40 | Create | Fishing Ship |
| 5:13 | Research | Loom |
| 5:43 | Create | Villager (Male) |
| 5:43 | Create | Villager (Male) |
| 5:47 | Create | Fishing Ship |
| 5:53 | Build | House |
| 6:11 | Create | Villager (Male) |
| 6:40 | Create | Villager (Male) |
| 6:40 | Create | Villager (Male) |
| 7:02 | Create | Villager (Male) |
| 7:19 | Create | Fishing Ship |
| 7:20 | Create | Villager (Male) |
| 7:21 | Create | Villager (Male) |
| 7:38 | Create | Villager (Male) |
| 7:57 | Create | Villager (Male) |
| 8:13 | Build | House |
| 8:26 | Create | Fishing Ship |
| 8:50 | Create | Villager (Male) |
| 9:25 | Create | Fishing Ship |
| 9:29 | Create | Villager (Male) |
| 9:48 | Create | Villager (Male) |
| 9:53 | Build | House |
| 9:58 | Build | House |
| 10:18 | Create | Fishing Ship |
| 10:23 | Create | Villager (Male) |
| 10:31 | Build | House |
| 10:45 | Create | Villager (Male) |
| 10:56 | Create | Fishing Ship |
| 11:01 | Create | Villager (Male) |
| 11:16 | Create | Fishing Ship |
| 11:16 | Create | Fishing Ship |
| 11:42 | Create | Villager (Male) |
| 11:54 | Build | Lumber Camp |
| 12:00 | Create | Villager (Male) |
| 12:22 | Build | Mill |
| 12:34 | Research | Feudal Age |
| 12:35 | Create | Villager (Male) |
| 13:17 | Create | Fishing Ship |
| 13:18 | Create | Fishing Ship |
| 13:24 | Build | House |
| 14:34 | Create | Villager (Male) |
| 14:44 | Age | Feudal Age |
| 14:47 | Build | Market |
| 14:50 | Build | Blacksmith |
| 15:31 | Research | Castle Age |
| 15:31 | Research | Castle Age |
| 15:35 | Build | Mining Camp |
| 15:49 | Build | House |
| 15:51 | Build | House |
| 15:58 | Build | Barracks |
| 16:09 | Research | Double-Bit Axe |
| 16:12 | Research | Tech 906 |
| 16:33 | Create | Fishing Ship |
| 16:54 | Build | Gate |
| 16:56 | Build | Stone Wall |
| 17:03 | Build | House |
| 17:06 | Research | Man-at-Arms (upgrade) |
| 17:10 | Create | Villager (Male) |
| 17:11 | Create | Villager (Male) |
| 17:25 | Build | Stone Wall |
| 17:49 | Research | Gold Mining |
| 18:14 | Age | Castle Age |
| 18:17 | Build | Siege Workshop |
| 18:46 | Create | Armored Elephant |
| 18:46 | Create | Armored Elephant |
| 18:52 | Build | Barracks |
| 19:01 | Build | Siege Workshop |
| 19:10 | Build | Monastery |
| 19:20 | Create | Villager (Male) |
| 19:21 | Create | Villager (Male) |
| 19:37 | Build | Stone Wall |
| 19:46 | Create | Monk |
| 20:00 | Create | Armored Elephant |
| 20:48 | Create | Armored Elephant |
| 21:15 | Create | Armored Elephant |
| 21:17 | Create | Armored Elephant |
| 21:27 | Create | Villager (Male) |
| 21:27 | Create | Villager (Male) |
| 21:39 | Create | Armored Elephant |
| 21:49 | Create | Villager (Male) |
| 22:40 | Build | Castle |
| 23:17 | Create | Armored Elephant |
| 23:35 | Create | Urumi Swordsman |
| 23:35 | Create | Urumi Swordsman |
| 23:35 | Create | Urumi Swordsman |
| 26:27 | Build | Town Center |
| 28:01 | Create | Villager (Male) |
| 28:01 | Create | Villager (Male) |
| 28:01 | Create | Villager (Male) |
| 28:02 | Create | Villager (Male) |
| 28:33 | Research | Gillnets |
| 28:54 | Create | Fishing Ship |
| 29:03 | Create | Monk |
| 29:29 | Create | Villager (Male) |
| 29:42 | Create | Monk |
| 30:10 | Create | Monk |
| 30:16 | Create | Villager (Male) |
| 30:16 | Create | Villager (Male) |
| 30:17 | Create | Villager (Male) |
| 30:30 | Create | Urumi Swordsman |
| 30:30 | Create | Urumi Swordsman |
| 30:31 | Create | Urumi Swordsman |
| 30:31 | Create | Urumi Swordsman |
| 30:32 | Create | Urumi Swordsman |
| 30:32 | Create | Urumi Swordsman |
| 30:50 | Create | Armored Elephant |
| 31:14 | Create | Armored Elephant |
| 31:39 | Create | Scorpion |
| 31:40 | Create | Scorpion |
| 32:02 | Create | Monk |
| 32:10 | Create | Scorpion |
| 32:22 | Create | Villager (Male) |
| 32:23 | Create | Villager (Male) |
| 33:25 | Create | Armored Elephant |
| 33:39 | Create | Armored Elephant |
| 33:49 | Create | Scorpion |
| 33:49 | Create | Scorpion |
| 33:50 | Create | Villager (Male) |
| 34:10 | Create | Scorpion |
| 34:27 | Create | Armored Elephant |
| 35:11 | Create | Scorpion |
| 35:11 | Create | Scorpion |
| 35:18 | Create | Villager (Male) |
| 35:25 | Create | Armored Elephant |
| 35:33 | Create | Monk |
| 35:34 | Create | Monk |
| 35:34 | Create | Monk |
| 35:50 | Create | Villager (Male) |
| 35:53 | Create | Monk |
| 36:16 | Create | Armored Elephant |
| 37:09 | Build | Lumber Camp |
| 37:16 | Create | Armored Elephant |
| 37:31 | Create | Armored Elephant |
| 37:41 | Create | Monk |
| 38:10 | Create | Fishing Ship |
| 38:10 | Create | Fishing Ship |
| 38:10 | Create | Fishing Ship |
| 38:11 | Create | Fishing Ship |
Build order — yonxd
First 150 of 382 actions detected
| 0:28 | Build | Town Center |
| 2:45 | Create | Villager (Male) |
| 2:45 | Create | Villager (Male) |
| 2:45 | Create | Villager (Male) |
| 2:46 | Create | Villager (Male) |
| 2:46 | Create | Villager (Male) |
| 4:07 | Create | Villager (Male) |
| 4:07 | Create | Villager (Male) |
| 4:40 | Create | Villager (Male) |
| 4:40 | Create | Villager (Male) |
| 4:41 | Create | Villager (Male) |
| 5:27 | Create | Villager (Male) |
| 5:27 | Create | Villager (Male) |
| 5:48 | Create | Villager (Male) |
| 5:48 | Create | Villager (Male) |
| 6:19 | Create | Villager (Male) |
| 6:21 | Create | Villager (Male) |
| 6:22 | Create | Villager (Male) |
| 7:10 | Create | Villager (Male) |
| 7:14 | Create | Villager (Male) |
| 7:15 | Create | Villager (Male) |
| 7:15 | Create | Villager (Male) |
| 7:15 | Create | Villager (Male) |
| 7:20 | Build | Mill |
| 7:50 | Create | Villager (Male) |
| 9:22 | Research | Loom |
| 10:27 | Create | Villager (Male) |
| 10:31 | Build | Lumber Camp |
| 10:57 | Research | Feudal Age |
| 10:58 | Research | Feudal Age |
| 11:23 | Create | Villager (Male) |
| 13:07 | Age | Feudal Age |
| 13:10 | Build | Market |
| 13:33 | Create | Villager (Male) |
| 13:36 | Create | Villager (Male) |
| 14:41 | Build | Blacksmith |
| 14:43 | Create | Villager (Male) |
| 14:55 | Create | Villager (Male) |
| 15:24 | Research | Castle Age |
| 15:24 | Research | Castle Age |
| 15:25 | Research | Castle Age |
| 15:57 | Research | Double-Bit Axe |
| 16:02 | Build | Mining Camp |
| 16:15 | Build | Mill |
| 16:25 | Build | Barracks |
| 16:40 | Create | Villager (Male) |
| 17:34 | Research | Fletching |
| 17:35 | Research | Fletching |
| 17:37 | Build | Archery Range |
| 17:49 | Build | Farm |
| 17:50 | Build | Farm |
| 17:50 | Build | Farm |
| 17:59 | Build | Archery Range |
| 18:13 | Age | Castle Age |
| 18:20 | Build | Farm |
| 18:31 | Create | Cavalry Archer |
| 18:49 | Create | Cavalry Archer |
| 18:51 | Create | Cavalry Archer |
| 18:57 | Build | Farm |
| 18:57 | Build | Farm |
| 19:00 | Create | Villager (Male) |
| 19:00 | Create | Villager (Male) |
| 19:13 | Create | Cavalry Archer |
| 19:13 | Create | Cavalry Archer |
| 19:38 | Create | Villager (Male) |
| 19:38 | Create | Villager (Male) |
| 19:54 | Build | Siege Workshop |
| 20:04 | Create | Villager (Male) |
| 20:04 | Create | Villager (Male) |
| 20:12 | Create | Cavalry Archer |
| 20:12 | Create | Cavalry Archer |
| 20:12 | Create | Cavalry Archer |
| 20:12 | Create | Cavalry Archer |
| 20:13 | Create | Cavalry Archer |
| 20:22 | Create | Villager (Male) |
| 20:23 | Create | Villager (Male) |
| 20:34 | Create | Cavalry Archer |
| 20:34 | Create | Cavalry Archer |
| 20:34 | Create | Cavalry Archer |
| 20:44 | Create | Villager (Male) |
| 20:44 | Create | Villager (Male) |
| 21:21 | Create | Villager (Male) |
| 21:32 | Create | Mangonel |
| 21:39 | Build | Monastery |
| 21:40 | Create | Villager (Male) |
| 21:40 | Create | Villager (Male) |
| 21:45 | Create | Cavalry Archer |
| 21:45 | Create | Cavalry Archer |
| 22:05 | Create | Cavalry Archer |
| 22:05 | Create | Cavalry Archer |
| 22:05 | Create | Cavalry Archer |
| 22:10 | Create | Villager (Male) |
| 22:42 | Create | Monk |
| 22:50 | Create | Villager (Male) |
| 22:51 | Create | Villager (Male) |
| 22:52 | Create | Cavalry Archer |
| 22:53 | Create | Cavalry Archer |
| 22:53 | Create | Cavalry Archer |
| 23:17 | Create | Mangonel |
| 23:20 | Create | Monk |
| 23:21 | Create | Villager (Male) |
| 23:47 | Create | Cavalry Archer |
| 23:47 | Create | Cavalry Archer |
| 23:48 | Create | Cavalry Archer |
| 23:50 | Create | Villager (Male) |
| 23:50 | Create | Villager (Male) |
| 25:14 | Create | Villager (Male) |
| 25:15 | Create | Villager (Male) |
| 25:15 | Create | Villager (Male) |
| 25:19 | Create | Battering Ram |
| 25:19 | Create | Battering Ram |
| 25:19 | Create | Battering Ram |
| 25:26 | Create | Villager (Male) |
| 25:27 | Create | Villager (Male) |
| 25:56 | Build | Town Center |
| 25:58 | Create | Villager (Male) |
| 27:06 | Create | Villager (Male) |
| 27:06 | Create | Villager (Male) |
| 27:22 | Create | Villager (Male) |
| 27:22 | Create | Villager (Male) |
| 27:25 | Create | Cavalry Archer |
| 27:25 | Create | Cavalry Archer |
| 27:25 | Create | Cavalry Archer |
| 27:25 | Create | Cavalry Archer |
| 27:26 | Create | Cavalry Archer |
| 27:52 | Build | Farm |
| 27:57 | Create | Villager (Male) |
| 28:21 | Create | Cavalry Archer |
| 28:21 | Create | Cavalry Archer |
| 28:22 | Create | Cavalry Archer |
| 28:33 | Create | Villager (Male) |
| 28:33 | Create | Villager (Male) |
| 28:57 | Build | Farm |
| 29:08 | Create | Villager (Male) |
| 29:08 | Create | Villager (Male) |
| 29:18 | Build | Farm |
| 29:18 | Build | Farm |
| 29:18 | Build | Farm |
| 29:51 | Research | Bodkin Arrow |
| 29:52 | Research | Padded Archer Armor |
| 29:52 | Research | Padded Archer Armor |
| 30:04 | Create | Monk |
| 30:17 | Create | Battering Ram |
| 30:18 | Create | Villager (Male) |
| 30:20 | Create | Villager (Male) |
| 30:21 | Create | Villager (Male) |
| 30:22 | Create | Villager (Male) |
| 30:22 | Create | Villager (Male) |
| 30:36 | Build | Town Center |
| 30:38 | Create | Villager (Male) |
Build order — CTM | Crawly94
First 150 of 252 actions detected
| 0:37 | Build | Town Center |
| 0:45 | Build | Dock |
| 0:48 | Build | House |
| 1:38 | Build | House |
| 3:21 | Create | Villager (Male) |
| 3:21 | Create | Villager (Male) |
| 3:21 | Create | Villager (Male) |
| 3:21 | Create | Villager (Male) |
| 3:59 | Create | Villager (Male) |
| 5:24 | Create | Villager (Male) |
| 5:24 | Create | Villager (Male) |
| 5:34 | Create | Fishing Ship |
| 5:54 | Create | Villager (Male) |
| 5:54 | Create | Villager (Male) |
| 6:57 | Create | Villager (Male) |
| 6:59 | Create | Villager (Male) |
| 7:12 | Build | Mill |
| 7:23 | Create | Villager (Male) |
| 7:29 | Build | House |
| 7:55 | Create | Villager (Male) |
| 8:17 | Create | Villager (Male) |
| 8:17 | Create | Villager (Male) |
| 8:36 | Research | Loom |
| 8:36 | Create | Villager (Male) |
| 8:37 | Create | Villager (Male) |
| 8:37 | Create | Villager (Male) |
| 8:37 | Create | Villager (Male) |
| 8:51 | Build | House |
| 8:55 | Create | Fishing Ship |
| 8:56 | Create | Fishing Ship |
| 9:04 | Create | Villager (Male) |
| 9:04 | Create | Villager (Male) |
| 9:26 | Create | Villager (Male) |
| 9:38 | Build | Palisade Wall |
| 10:11 | Build | House |
| 10:41 | Create | Villager (Male) |
| 10:57 | Build | Palisade Gate |
| 11:01 | Build | Palisade Wall |
| 11:03 | Create | Villager (Male) |
| 11:05 | Create | Fishing Ship |
| 11:56 | Build | Mining Camp |
| 12:20 | Research | Feudal Age |
| 12:36 | Build | Palisade Wall |
| 13:28 | Create | Villager (Male) |
| 13:29 | Create | Villager (Male) |
| 13:34 | Build | Farm |
| 14:32 | Age | Feudal Age |
| 14:38 | Build | Market |
| 14:56 | Build | Blacksmith |
| 15:04 | Build | Palisade Wall |
| 15:32 | Research | Castle Age |
| 16:29 | Build | Palisade Wall |
| 16:48 | Build | Palisade Wall |
| 16:52 | Create | Villager (Male) |
| 16:52 | Create | Villager (Male) |
| 18:12 | Age | Castle Age |
| 18:21 | Build | House |
| 18:21 | Build | House |
| 18:23 | Build | House |
| 18:27 | Build | Palisade Wall |
| 18:28 | Build | Palisade Wall |
| 19:20 | Build | Castle |
| 19:21 | Create | Villager (Male) |
| 19:25 | Research | Fletching |
| 19:49 | Create | Villager (Male) |
| 19:49 | Create | Villager (Male) |
| 19:52 | Build | Farm |
| 19:52 | Build | Farm |
| 20:06 | Create | Villager (Male) |
| 20:12 | Build | Farm |
| 20:12 | Build | Farm |
| 20:13 | Create | Villager (Male) |
| 20:40 | Create | Villager (Male) |
| 20:49 | Create | Conquistador |
| 20:49 | Create | Conquistador |
| 20:57 | Build | Palisade Wall |
| 21:17 | Create | Conquistador |
| 21:24 | Create | Villager (Male) |
| 21:24 | Create | Villager (Male) |
| 21:46 | Create | Conquistador |
| 21:46 | Create | Conquistador |
| 22:08 | Create | Villager (Male) |
| 22:18 | Build | Palisade Gate |
| 22:46 | Create | Villager (Male) |
| 23:54 | Create | Villager (Male) |
| 23:54 | Create | Villager (Male) |
| 24:35 | Create | Villager (Male) |
| 24:51 | Build | House |
| 24:52 | Build | House |
| 25:00 | Create | Villager (Male) |
| 25:15 | Build | Town Center |
| 25:21 | Build | Town Center |
| 25:26 | Create | Villager (Male) |
| 25:32 | Build | Town Center |
| 25:34 | Create | Villager (Male) |
| 25:41 | Build | Stone Wall |
| 25:47 | Build | House |
| 25:51 | Build | House |
| 26:03 | Create | Villager (Male) |
| 26:47 | Create | Villager (Male) |
| 26:48 | Create | Villager (Male) |
| 26:48 | Create | Villager (Male) |
| 27:13 | Build | Barracks |
| 27:18 | Build | Farm |
| 27:19 | Build | Farm |
| 27:19 | Build | Farm |
| 27:19 | Build | Farm |
| 27:19 | Build | Farm |
| 27:21 | Create | Villager (Male) |
| 27:31 | Build | House |
| 27:33 | Build | House |
| 27:38 | Build | Palisade Wall |
| 28:07 | Create | Villager (Male) |
| 28:07 | Create | Villager (Male) |
| 28:13 | Create | Spearman |
| 28:19 | Build | House |
| 28:20 | Build | House |
| 28:21 | Build | House |
| 28:27 | Build | House |
| 28:28 | Build | House |
| 28:29 | Build | House |
| 29:15 | Research | Pikeman (upgrade) |
| 29:21 | Build | Barracks |
| 29:43 | Build | Castle |
| 29:52 | Create | Spearman |
| 30:26 | Create | Villager (Male) |
| 30:28 | Create | Spearman |
| 30:28 | Create | Spearman |
| 30:28 | Create | Spearman |
| 30:29 | Create | Spearman |
| 30:38 | Create | Villager (Male) |
| 30:38 | Create | Villager (Male) |
| 30:38 | Create | Villager (Male) |
| 30:41 | Build | Farm |
| 30:41 | Build | Farm |
| 30:42 | Build | Farm |
| 30:42 | Build | Farm |
| 30:42 | Build | Farm |
| 30:48 | Build | Farm |
| 30:49 | Build | Farm |
| 30:49 | Build | Farm |
| 30:49 | Build | Farm |
| 30:49 | Build | Farm |
| 30:58 | Build | Stone Wall |
| 31:00 | Create | Villager (Male) |
| 31:10 | Build | Stone Wall |
| 31:28 | Create | Villager (Male) |
| 31:38 | Create | Villager (Male) |
| 32:50 | Build | House |
| 32:55 | Build | House |
Build order — HernanJC
First 150 of 239 actions detected
| 0:25 | Build | Town Center |
| 2:46 | Build | House |
| 2:51 | Create | Villager (Male) |
| 2:51 | Create | Villager (Male) |
| 2:51 | Create | Villager (Male) |
| 2:51 | Create | Villager (Male) |
| 2:52 | Create | Villager (Male) |
| 2:52 | Create | Villager (Male) |
| 2:52 | Create | Villager (Male) |
| 3:43 | Build | Dock |
| 4:26 | Build | House |
| 4:52 | Research | Loom |
| 5:13 | Create | Fishing Ship |
| 5:20 | Create | Villager (Male) |
| 5:20 | Create | Villager (Male) |
| 5:20 | Create | Villager (Male) |
| 5:20 | Create | Villager (Male) |
| 5:48 | Create | Villager (Male) |
| 5:48 | Create | Villager (Male) |
| 5:49 | Create | Villager (Male) |
| 5:53 | Create | Fishing Ship |
| 5:58 | Build | House |
| 6:19 | Create | Villager (Male) |
| 6:19 | Create | Villager (Male) |
| 6:20 | Create | Villager (Male) |
| 6:36 | Create | Villager (Male) |
| 6:36 | Create | Villager (Male) |
| 6:36 | Create | Villager (Male) |
| 6:47 | Create | Villager (Male) |
| 6:57 | Create | Fishing Ship |
| 7:11 | Create | Villager (Male) |
| 7:11 | Create | Villager (Male) |
| 7:11 | Create | Villager (Male) |
| 7:12 | Create | Villager (Male) |
| 7:29 | Create | Villager (Male) |
| 7:40 | Create | Fishing Ship |
| 7:50 | Build | House |
| 7:53 | Create | Villager (Male) |
| 8:27 | Build | Mill |
| 8:31 | Create | Villager (Male) |
| 8:46 | Create | Villager (Male) |
| 8:55 | Create | Fishing Ship |
| 9:16 | Build | House |
| 9:28 | Build | Mill |
| 9:38 | Create | Villager (Male) |
| 9:52 | Build | House |
| 9:55 | Create | Villager (Male) |
| 10:21 | Create | Fishing Ship |
| 10:31 | Build | House |
| 10:37 | Create | Villager (Male) |
| 11:08 | Create | Villager (Male) |
| 11:16 | Build | Barracks |
| 11:34 | Create | Villager (Male) |
| 11:45 | Build | House |
| 11:54 | Create | Fishing Ship |
| 12:22 | Research | Feudal Age |
| 13:00 | Build | Dock |
| 13:10 | Build | House |
| 13:13 | Build | Palisade Wall |
| 13:19 | Build | House |
| 13:22 | Build | Palisade Wall |
| 13:54 | Create | Fishing Ship |
| 14:18 | Build | Mining Camp |
| 14:26 | Age | Feudal Age |
| 14:37 | Create | Villager (Male) |
| 14:40 | Research | Town Watch |
| 15:04 | Create | Unit 2626 |
| 15:12 | Create | Unit 2626 |
| 15:18 | Build | House |
| 15:27 | Create | Villager (Male) |
| 15:35 | Build | Lumber Camp |
| 15:59 | Create | Villager (Male) |
| 16:05 | Research | Double-Bit Axe |
| 16:34 | Create | Unit 2626 |
| 16:35 | Create | Unit 2626 |
| 16:47 | Create | Villager (Male) |
| 17:04 | Build | House |
| 17:14 | Build | Stable |
| 17:15 | Create | Villager (Male) |
| 17:23 | Create | Villager (Male) |
| 17:44 | Create | Villager (Male) |
| 17:53 | Build | House |
| 18:03 | Create | Unit 2626 |
| 18:03 | Create | Unit 2626 |
| 18:29 | Build | Market |
| 18:31 | Create | Scout Cavalry |
| 18:36 | Build | House |
| 18:53 | Create | Villager (Male) |
| 19:05 | Build | Blacksmith |
| 19:38 | Research | Castle Age |
| 19:41 | Build | House |
| 20:26 | Build | Archery Range |
| 20:35 | Build | Archery Range |
| 20:38 | Build | Palisade Wall |
| 20:52 | Create | Villager (Male) |
| 21:05 | Build | Archery Range |
| 21:44 | Research | Fletching |
| 21:44 | Research | Padded Archer Armor |
| 22:03 | Age | Castle Age |
| 22:13 | Build | House |
| 22:15 | Build | House |
| 22:25 | Create | Cavalry Archer |
| 22:42 | Build | Town Center |
| 23:16 | Create | Cavalry Archer |
| 23:20 | Research | Bodkin Arrow |
| 23:21 | Research | Leather Archer Armor |
| 23:29 | Create | Villager (Male) |
| 23:29 | Create | Villager (Male) |
| 23:47 | Build | Castle |
| 23:54 | Create | Cavalry Archer |
| 24:06 | Build | House |
| 24:07 | Build | House |
| 24:23 | Create | Cavalry Archer |
| 25:34 | Create | Villager (Male) |
| 25:35 | Create | Villager (Male) |
| 25:35 | Create | Villager (Male) |
| 25:35 | Create | Villager (Male) |
| 25:35 | Create | Villager (Male) |
| 25:36 | Create | Villager (Male) |
| 25:36 | Create | Villager (Male) |
| 25:36 | Create | Villager (Male) |
| 25:36 | Create | Villager (Male) |
| 25:40 | Build | House |
| 25:41 | Build | House |
| 25:49 | Create | Cavalry Archer |
| 25:49 | Create | Cavalry Archer |
| 26:04 | Build | House |
| 26:16 | Build | Archery Range |
| 26:21 | Build | Archery Range |
| 26:27 | Create | Cavalry Archer |
| 26:54 | Create | Cavalry Archer |
| 26:55 | Create | Cavalry Archer |
| 27:01 | Create | War Elephant |
| 27:09 | Create | Cavalry Archer |
| 27:09 | Create | Cavalry Archer |
| 27:15 | Build | University |
| 27:19 | Create | Cavalry Archer |
| 27:33 | Create | Cavalry Archer |
| 27:54 | Build | Siege Workshop |
| 27:57 | Create | Villager (Male) |
| 27:57 | Create | Villager (Male) |
| 27:57 | Create | Villager (Male) |
| 27:57 | Create | Villager (Male) |
| 27:58 | Create | Villager (Male) |
| 28:07 | Create | Cavalry Archer ×5 |
| 28:07 | Create | Cavalry Archer ×5 |
| 28:07 | Create | Cavalry Archer |
| 28:13 | Build | House |
| 28:17 | Build | Palisade Wall |
| 28:48 | Build | House |
Build order — R4W
First 150 of 314 actions detected
| 0:37 | Build | Town Center |
| 1:31 | Build | House |
| 2:19 | Build | Dock |
| 2:58 | Create | Villager (Male) |
| 2:58 | Create | Villager (Male) |
| 2:58 | Create | Villager (Male) |
| 2:58 | Create | Villager (Male) |
| 3:53 | Research | Loom |
| 4:30 | Create | Fishing Ship |
| 4:59 | Create | Villager (Male) |
| 4:59 | Create | Villager (Male) |
| 5:44 | Create | Villager (Male) |
| 5:58 | Create | Villager (Male) |
| 6:00 | Create | Fishing Ship |
| 6:43 | Build | Mill |
| 6:49 | Create | Villager (Male) |
| 6:49 | Create | Villager (Male) |
| 7:00 | Create | Villager (Male) |
| 7:00 | Create | Villager (Male) |
| 7:00 | Create | Villager (Male) |
| 7:31 | Create | Villager (Male) |
| 7:35 | Build | House |
| 7:51 | Create | Fishing Ship |
| 8:01 | Create | Fishing Ship |
| 8:35 | Create | Villager (Male) |
| 8:36 | Create | Villager (Male) |
| 8:40 | Build | House |
| 8:56 | Build | House |
| 9:17 | Create | Villager (Male) |
| 9:17 | Create | Villager (Male) |
| 9:35 | Create | Fishing Ship |
| 10:27 | Create | Villager (Male) |
| 10:28 | Create | Villager (Male) |
| 10:31 | Create | Fishing Ship |
| 10:48 | Create | Villager (Male) |
| 11:32 | Build | House |
| 11:49 | Research | Feudal Age |
| 12:35 | Build | House |
| 13:29 | Create | Villager (Male) |
| 13:35 | Build | Dock |
| 13:59 | Age | Feudal Age |
| 14:04 | Create | Villager (Male) |
| 14:11 | Build | Barracks |
| 14:23 | Create | Fire Galley |
| 14:27 | Create | Galley |
| 14:32 | Create | Galley |
| 14:34 | Create | Villager (Male) |
| 14:41 | Create | Fishing Ship |
| 14:41 | Create | Fishing Ship |
| 15:06 | Build | Blacksmith |
| 15:09 | Build | House |
| 15:28 | Build | Barracks |
| 15:36 | Create | Villager (Male) |
| 15:37 | Create | Villager (Male) |
| 15:37 | Create | Villager (Male) |
| 15:37 | Create | Villager (Male) |
| 15:45 | Create | Galley |
| 16:09 | Research | Fletching |
| 16:29 | Create | Galley |
| 16:38 | Build | House |
| 16:46 | Create | Fishing Ship |
| 16:53 | Build | House |
| 17:01 | Research | Man-at-Arms (upgrade) |
| 17:12 | Create | Spearman |
| 17:12 | Create | Spearman |
| 17:12 | Create | Spearman |
| 17:12 | Create | Spearman |
| 17:13 | Create | Spearman |
| 17:41 | Build | House |
| 17:52 | Create | Villager (Male) |
| 17:58 | Build | Mining Camp |
| 18:20 | Build | House |
| 18:22 | Build | House |
| 18:43 | Create | Villager (Male) |
| 18:52 | Build | Market |
| 18:58 | Create | Villager (Male) |
| 19:12 | Create | Spearman |
| 19:16 | Create | Militia |
| 19:16 | Create | Militia |
| 19:17 | Create | Militia |
| 19:44 | Create | Galley |
| 19:44 | Create | Galley |
| 19:55 | Build | House |
| 19:56 | Create | Militia |
| 20:00 | Research | Castle Age |
| 20:21 | Create | Galley |
| 21:30 | Create | Galley |
| 21:30 | Create | Galley |
| 21:34 | Create | Fire Galley |
| 21:34 | Create | Fire Galley |
| 21:43 | Create | Militia |
| 21:43 | Create | Militia |
| 22:09 | Build | House |
| 22:15 | Create | Militia |
| 22:15 | Create | Militia |
| 22:23 | Create | Galley |
| 22:23 | Create | Galley |
| 22:27 | Research | Padded Archer Armor |
| 22:31 | Build | House |
| 22:40 | Age | Castle Age |
| 22:48 | Research | War Galley (upgrade) |
| 23:04 | Build | House |
| 23:11 | Create | Militia |
| 23:11 | Create | Militia |
| 23:41 | Create | Fire Galley |
| 23:53 | Research | Bodkin Arrow |
| 23:55 | Create | Villager (Male) |
| 23:55 | Create | Villager (Male) |
| 23:56 | Create | Villager (Male) |
| 23:56 | Create | Villager (Male) |
| 23:59 | Build | Town Center |
| 24:04 | Create | Fire Galley |
| 24:14 | Build | House |
| 24:55 | Create | Unit 2626 |
| 24:59 | Create | Galley |
| 25:06 | Create | Villager (Male) |
| 25:06 | Create | Villager (Male) |
| 25:07 | Create | Villager (Male) |
| 25:07 | Create | Villager (Male) |
| 25:36 | Create | Villager (Male) |
| 25:36 | Create | Villager (Male) |
| 25:37 | Create | Villager (Male) |
| 25:49 | Create | Fire Galley |
| 26:09 | Build | Farm |
| 26:09 | Build | Farm |
| 26:13 | Create | Fishing Ship |
| 26:20 | Build | House |
| 26:45 | Create | Militia |
| 26:45 | Create | Militia |
| 26:46 | Create | Militia |
| 27:16 | Build | House |
| 27:22 | Create | Fire Galley |
| 27:32 | Create | Galley |
| 27:37 | Create | Villager (Male) |
| 27:38 | Create | Villager (Male) |
| 27:38 | Create | Villager (Male) |
| 27:38 | Create | Villager (Male) |
| 27:43 | Create | Fishing Ship |
| 28:10 | Build | House |
| 28:18 | Create | Fishing Ship |
| 28:39 | Create | Galley |
| 28:46 | Create | Villager (Male) |
| 28:46 | Create | Villager (Male) |
| 28:46 | Create | Villager (Male) |
| 28:46 | Create | Villager (Male) |
| 28:51 | Research | Pikeman (upgrade) |
| 29:20 | Create | Villager (Male) |
| 29:20 | Create | Villager (Male) |
| 29:22 | Create | Spearman |
| 29:33 | Build | Lumber Camp |
Build order — Elamb
First 150 of 187 actions detected
| 0:52 | Build | Town Center |
| 2:03 | Build | Dock |
| 2:07 | Build | House |
| 3:16 | Create | Villager (Male) |
| 3:17 | Create | Villager (Male) |
| 3:17 | Create | Villager (Male) |
| 3:47 | Create | Villager (Male) |
| 4:39 | Create | Fishing Ship |
| 5:08 | Research | Loom |
| 5:20 | Create | Villager (Male) |
| 5:48 | Create | Fishing Ship |
| 6:18 | Build | House |
| 6:34 | Create | Villager (Male) |
| 7:05 | Create | Villager (Male) |
| 7:05 | Create | Villager (Male) |
| 7:10 | Create | Villager (Male) |
| 7:51 | Create | Fishing Ship |
| 8:05 | Create | Villager (Male) |
| 8:36 | Create | Villager (Male) |
| 8:36 | Create | Villager (Male) |
| 8:37 | Create | Villager (Male) |
| 8:42 | Build | House |
| 9:30 | Build | House |
| 9:45 | Create | Villager (Male) |
| 9:59 | Create | Villager (Male) |
| 10:51 | Build | Lumber Camp |
| 11:02 | Create | Villager (Male) |
| 11:10 | Create | Villager (Male) |
| 11:19 | Build | Mill |
| 11:50 | Create | Fishing Ship |
| 11:56 | Create | Villager (Male) |
| 12:25 | Create | Villager (Male) |
| 12:35 | Create | Villager (Male) |
| 12:58 | Build | House |
| 13:06 | Create | Fishing Ship |
| 13:12 | Research | Feudal Age |
| 13:36 | Create | Villager (Male) |
| 13:45 | Create | Fishing Ship |
| 14:04 | Create | Fishing Ship |
| 14:09 | Create | Villager (Male) |
| 14:19 | Build | Barracks |
| 14:31 | Create | Villager (Male) |
| 14:50 | Create | Fishing Ship |
| 15:00 | Create | Villager (Male) |
| 15:22 | Build | Outpost |
| 15:22 | Age | Feudal Age |
| 15:24 | Create | Villager (Male) |
| 15:31 | Build | Stable |
| 15:36 | Research | Double-Bit Axe |
| 15:39 | Create | Villager (Male) |
| 15:50 | Research | Town Watch |
| 15:51 | Create | Villager (Male) |
| 16:16 | Build | Outpost |
| 16:18 | Create | Villager (Male) |
| 16:23 | Create | Villager (Male) |
| 16:26 | Create | Scout Cavalry |
| 16:30 | Build | House |
| 16:33 | Build | House |
| 16:49 | Research | Wheelbarrow |
| 16:52 | Create | Villager (Male) |
| 16:53 | Create | Scout Cavalry |
| 17:07 | Create | Fishing Ship |
| 17:15 | Create | Scout Cavalry |
| 17:47 | Create | Scout Cavalry |
| 17:47 | Create | Scout Cavalry |
| 17:48 | Create | Scout Cavalry |
| 18:06 | Build | Outpost |
| 18:08 | Create | Villager (Male) |
| 19:09 | Build | Town Center |
| 19:39 | Create | Fishing Ship |
| 19:55 | Build | House |
| 19:56 | Build | House |
| 20:19 | Create | Villager (Male) |
| 20:27 | Build | Market |
| 20:31 | Build | House |
| 20:39 | Create | Villager (Male) |
| 21:39 | Create | Villager (Male) |
| 21:55 | Build | Outpost |
| 22:01 | Create | Villager (Male) |
| 22:20 | Research | Castle Age |
| 23:01 | Build | Outpost |
| 23:02 | Create | Villager (Male) |
| 23:08 | Build | Blacksmith |
| 23:14 | Build | Dock |
| 23:21 | Create | Villager (Male) |
| 23:31 | Create | Villager (Male) |
| 24:03 | Build | Stable |
| 24:05 | Research | Scale Mail Armor |
| 24:07 | Research | Scale Barding Armor |
| 24:08 | Research | Forging |
| 24:15 | Create | Fishing Ship |
| 24:16 | Create | Fishing Ship |
| 24:19 | Build | House |
| 24:30 | Build | House |
| 24:34 | Create | Villager (Male) |
| 25:09 | Age | Castle Age |
| 25:10 | Build | House |
| 25:23 | Build | Monastery |
| 25:43 | Create | Monk |
| 25:43 | Create | Monk |
| 25:44 | Create | Monk |
| 26:01 | Create | Monk |
| 26:18 | Create | Knight |
| 27:41 | Create | Villager (Male) |
| 27:44 | Create | Villager (Male) |
| 27:44 | Create | Villager (Male) |
| 27:44 | Create | Villager (Male) |
| 28:11 | Create | Villager (Male) |
| 28:17 | Create | Villager (Male) |
| 28:35 | Create | Villager (Male) |
| 28:58 | Create | Knight |
| 29:06 | Create | Villager (Male) |
| 29:15 | Create | Villager (Male) |
| 29:46 | Create | Villager (Male) |
| 29:46 | Create | Villager (Male) |
| 30:53 | Create | Fishing Ship |
| 31:01 | Build | House |
| 31:02 | Build | House |
| 31:07 | Build | House |
| 31:09 | Build | House |
| 31:25 | Create | Monk |
| 31:29 | Build | House |
| 31:33 | Create | Villager (Male) |
| 31:35 | Create | Villager (Male) |
| 32:33 | Build | House |
| 33:01 | Create | Villager (Male) |
| 33:14 | Build | Mining Camp |
| 33:16 | Create | Villager (Male) |
| 33:26 | Create | Knight |
| 33:34 | Create | Villager (Male) |
| 33:36 | Create | Fishing Ship |
| 33:37 | Create | Fishing Ship |
| 33:47 | Create | Unit 2626 |
| 33:51 | Create | Unit 2626 |
| 33:52 | Create | Villager (Male) |
| 34:13 | Create | Monk |
| 34:24 | Build | Palisade Gate |
| 34:54 | Create | Villager (Male) |
| 35:06 | Create | Knight |
| 35:07 | Create | Knight |
| 35:27 | Create | Monk |
| 35:28 | Create | Monk |
| 35:34 | Create | Villager (Male) |
| 35:38 | Create | Unit 2626 |
| 35:38 | Create | Unit 2626 |
| 36:34 | Build | Market |
| 37:02 | Build | Town Center |
| 38:16 | Create | Villager (Male) |
| 38:17 | Create | Villager (Male) |
| 38:17 | Create | Villager (Male) |
Build order — juand400
First 150 of 356 actions detected
| 0:11 | Build | House |
| 0:19 | Build | Town Center |
| 0:30 | Build | House |
| 0:34 | Build | Dock |
| 2:34 | Create | Villager (Male) |
| 2:35 | Create | Villager (Male) |
| 2:35 | Create | Villager (Male) |
| 2:35 | Create | Villager (Male) |
| 2:35 | Create | Villager (Male) |
| 2:36 | Create | Villager (Male) |
| 2:37 | Create | Fishing Ship |
| 3:43 | Create | Villager (Male) |
| 3:56 | Create | Fishing Ship |
| 3:57 | Create | Fishing Ship |
| 4:40 | Create | Fishing Ship |
| 4:40 | Create | Fishing Ship |
| 4:57 | Create | Villager (Male) |
| 4:58 | Create | Villager (Male) |
| 5:02 | Research | Loom |
| 5:16 | Create | Fishing Ship |
| 5:27 | Build | House |
| 5:49 | Create | Villager (Male) |
| 5:54 | Create | Fishing Ship |
| 6:03 | Build | House |
| 6:25 | Create | Fishing Ship |
| 6:40 | Create | Villager (Male) |
| 6:41 | Create | Villager (Male) |
| 7:09 | Create | Villager (Male) |
| 7:21 | Build | House |
| 7:32 | Create | Villager (Male) |
| 7:33 | Create | Villager (Male) |
| 8:02 | Create | Villager (Male) |
| 8:08 | Build | Mill |
| 8:24 | Create | Villager (Male) |
| 8:46 | Build | Palisade Wall |
| 8:48 | Build | Palisade Wall |
| 8:49 | Build | Palisade Wall |
| 8:52 | Create | Villager (Male) |
| 9:13 | Create | Villager (Male) |
| 9:13 | Create | Villager (Male) |
| 10:02 | Build | Mining Camp |
| 10:05 | Create | Villager (Male) |
| 10:31 | Research | Feudal Age |
| 11:01 | Build | House |
| 12:04 | Create | Villager (Male) |
| 12:04 | Create | Villager (Male) |
| 12:34 | Age | Feudal Age |
| 12:44 | Create | Fishing Ship |
| 12:59 | Build | Blacksmith |
| 13:01 | Create | Villager (Male) |
| 13:10 | Build | Market |
| 13:23 | Create | Villager (Male) |
| 13:49 | Build | Mining Camp |
| 13:55 | Create | Villager (Male) |
| 14:01 | Research | Town Watch |
| 14:15 | Build | House |
| 14:31 | Research | Castle Age |
| 14:55 | Build | Outpost |
| 16:46 | Create | Villager (Male) |
| 16:46 | Create | Villager (Male) |
| 16:56 | Age | Castle Age |
| 17:30 | Build | Castle |
| 17:42 | Build | Palisade Wall |
| 17:49 | Build | Palisade Wall |
| 17:51 | Build | Palisade Wall |
| 17:52 | Build | Palisade Wall |
| 17:58 | Build | House |
| 18:00 | Build | House |
| 18:02 | Build | Palisade Wall |
| 18:12 | Create | Villager (Male) |
| 18:18 | Research | Fletching |
| 19:02 | Create | Villager (Male) |
| 19:42 | Create | Villager (Male) |
| 20:04 | Build | Town Center |
| 20:15 | Create | Villager (Male) |
| 20:25 | Create | War Elephant |
| 20:32 | Create | War Elephant |
| 20:41 | Build | Lumber Camp |
| 20:45 | Research | Horse Collar |
| 20:55 | Create | Villager (Male) |
| 21:09 | Build | Palisade Wall |
| 21:43 | Create | War Elephant |
| 21:44 | Create | Villager (Male) |
| 21:51 | Create | Villager (Male) |
| 22:03 | Build | Farm |
| 22:05 | Build | Farm |
| 22:07 | Build | Farm |
| 22:08 | Build | Farm |
| 22:10 | Build | Farm |
| 22:13 | Create | Villager (Male) |
| 22:14 | Create | Villager (Male) |
| 22:14 | Create | Villager (Male) |
| 22:16 | Create | Villager (Male) |
| 22:19 | Research | Double-Bit Axe |
| 22:53 | Build | Town Center |
| 23:01 | Build | Palisade Wall |
| 23:05 | Build | Palisade Wall |
| 23:06 | Build | Palisade Wall |
| 23:11 | Create | Villager (Male) |
| 23:11 | Create | Villager (Male) |
| 23:22 | Create | Villager (Male) |
| 23:22 | Create | Villager (Male) |
| 23:32 | Build | Farm |
| 23:33 | Build | Farm |
| 23:34 | Build | Farm |
| 23:39 | Create | Villager (Male) |
| 23:39 | Create | Villager (Male) |
| 23:49 | Create | War Elephant |
| 24:40 | Create | Villager (Male) |
| 24:40 | Create | Villager (Male) |
| 24:41 | Create | Villager (Male) |
| 24:50 | Build | Outpost |
| 24:53 | Build | Farm |
| 24:54 | Create | Villager (Male) |
| 24:55 | Create | Villager (Male) |
| 24:55 | Create | Villager (Male) |
| 24:57 | Build | Farm |
| 24:58 | Build | Farm |
| 25:01 | Build | Farm |
| 25:02 | Build | Farm |
| 25:07 | Create | Villager (Male) |
| 25:08 | Create | Villager (Male) |
| 25:08 | Create | Villager (Male) |
| 25:11 | Build | Farm |
| 25:15 | Build | Farm |
| 25:16 | Build | Farm |
| 25:18 | Build | Farm |
| 25:19 | Create | Villager (Male) |
| 26:21 | Create | Villager (Male) |
| 26:22 | Create | Villager (Male) |
| 26:22 | Create | Villager (Male) |
| 26:22 | Create | Villager (Male) |
| 26:37 | Create | Villager (Male) |
| 26:39 | Create | War Elephant |
| 26:55 | Create | Villager (Male) |
| 26:55 | Create | Villager (Male) |
| 27:16 | Create | War Elephant |
| 27:27 | Create | Villager (Male) |
| 27:27 | Create | Villager (Male) |
| 27:28 | Create | Villager (Male) |
| 27:38 | Build | Farm |
| 27:39 | Build | Farm |
| 27:40 | Build | Farm |
| 27:42 | Build | Farm |
| 27:43 | Build | Farm |
| 27:44 | Build | Farm |
| 27:46 | Build | Farm |
| 27:48 | Create | Villager (Male) |
| 27:48 | Create | Villager (Male) |
| 27:49 | Create | Villager (Male) |
Build order — Ux'Tycho0201
First 150 of 248 actions detected
| 0:10 | Build | Town Center |
| 1:26 | Build | Dock |
| 1:30 | Build | House |
| 2:05 | Build | House |
| 2:28 | Build | House |
| 5:12 | Create | Villager (Male) |
| 5:12 | Create | Villager (Male) |
| 5:12 | Create | Villager (Male) |
| 5:13 | Create | Villager (Male) |
| 6:31 | Build | House |
| 6:38 | Build | House |
| 7:08 | Research | Loom |
| 7:08 | Research | Loom |
| 7:08 | Research | Loom |
| 7:13 | Create | Fishing Ship |
| 7:13 | Create | Fishing Ship |
| 8:21 | Create | Villager (Male) |
| 8:39 | Create | Villager (Male) |
| 8:49 | Build | House |
| 9:03 | Create | Villager (Male) |
| 9:32 | Create | Villager (Male) |
| 9:46 | Create | Villager (Male) |
| 10:03 | Create | Villager (Male) |
| 10:03 | Create | Villager (Male) |
| 10:15 | Create | Fishing Ship |
| 10:44 | Create | Villager (Male) |
| 10:54 | Build | House |
| 11:14 | Create | Villager (Male) |
| 11:31 | Build | Mill |
| 11:54 | Create | Villager (Male) |
| 12:14 | Create | Fishing Ship |
| 12:34 | Create | Villager (Male) |
| 12:42 | Create | Villager (Male) |
| 12:42 | Create | Villager (Male) |
| 13:03 | Create | Villager (Male) |
| 13:06 | Build | House |
| 13:24 | Create | Fishing Ship |
| 13:35 | Build | House |
| 13:37 | Build | Palisade Wall |
| 13:38 | Create | Villager (Male) |
| 14:08 | Create | Fishing Ship |
| 14:21 | Create | Villager (Male) |
| 14:43 | Build | Mill |
| 14:57 | Build | Palisade Wall |
| 15:02 | Create | Villager (Male) |
| 16:12 | Research | Feudal Age |
| 16:31 | Build | Mining Camp |
| 17:25 | Create | Villager (Male) |
| 17:26 | Create | Villager (Male) |
| 17:34 | Build | House |
| 18:11 | Build | Farm |
| 18:22 | Age | Feudal Age |
| 18:25 | Create | Fire Galley |
| 18:28 | Create | Villager (Male) |
| 18:37 | Build | Farm |
| 19:03 | Create | Villager (Male) |
| 19:16 | Build | Farm |
| 19:51 | Create | Villager (Male) |
| 19:56 | Build | Farm |
| 19:57 | Build | Farm |
| 20:05 | Create | Villager (Male) |
| 20:40 | Build | Farm |
| 20:59 | Create | Villager (Male) |
| 20:59 | Create | Villager (Male) |
| 21:26 | Build | Blacksmith |
| 21:54 | Build | Market |
| 22:43 | Research | Castle Age |
| 22:43 | Research | Castle Age |
| 23:00 | Build | Lumber Camp |
| 23:08 | Build | Stone Wall |
| 23:14 | Build | Stone Wall |
| 23:24 | Build | Stone Wall |
| 23:27 | Build | Stone Wall |
| 24:07 | Create | Villager (Male) |
| 24:26 | Build | Farm |
| 25:22 | Age | Castle Age |
| 25:53 | Create | Villager (Male) |
| 26:14 | Build | Castle |
| 26:18 | Build | Stone Wall |
| 26:21 | Build | Stone Wall |
| 26:35 | Build | Stone Wall |
| 26:45 | Create | Villager (Male) |
| 26:45 | Create | Villager (Male) |
| 26:45 | Create | Villager (Male) |
| 27:12 | Build | Stone Wall |
| 27:19 | Build | Stone Wall |
| 27:22 | Build | Stone Wall |
| 27:49 | Create | Rattan Archer |
| 27:50 | Create | Rattan Archer |
| 27:50 | Create | Rattan Archer |
| 27:56 | Create | Villager (Male) |
| 28:01 | Build | Farm |
| 28:40 | Create | Villager (Male) |
| 28:49 | Build | Lumber Camp |
| 28:54 | Create | Rattan Archer |
| 28:54 | Create | Rattan Archer |
| 28:55 | Create | Rattan Archer |
| 28:55 | Create | Rattan Archer |
| 29:05 | Build | Lumber Camp |
| 29:18 | Create | Villager (Male) |
| 29:18 | Create | Villager (Male) |
| 29:18 | Create | Villager (Male) |
| 29:47 | Create | Villager (Male) |
| 29:47 | Create | Villager (Male) |
| 29:47 | Create | Villager (Male) |
| 29:52 | Build | Mill |
| 29:55 | Build | Farm |
| 29:58 | Build | Farm |
| 30:20 | Create | Villager (Male) |
| 30:21 | Create | Villager (Male) |
| 30:24 | Create | Rattan Archer |
| 30:24 | Create | Rattan Archer |
| 30:25 | Create | Rattan Archer |
| 30:25 | Create | Rattan Archer |
| 30:40 | Build | Farm |
| 31:01 | Create | Villager (Male) |
| 31:01 | Create | Villager (Male) |
| 31:05 | Create | Trade Cart |
| 31:12 | Build | Farm |
| 31:12 | Build | Farm |
| 31:12 | Build | Farm |
| 31:13 | Build | Farm |
| 31:13 | Build | Farm |
| 31:19 | Create | Rattan Archer |
| 31:40 | Create | Villager (Male) |
| 31:41 | Create | Villager (Male) |
| 31:41 | Create | Villager (Male) |
| 32:02 | Create | Villager (Male) |
| 32:02 | Create | Villager (Male) |
| 32:13 | Build | Farm |
| 32:30 | Research | Fletching |
| 33:03 | Create | Villager (Male) |
| 33:12 | Create | Villager (Male) |
| 33:22 | Build | House |
| 33:23 | Build | House |
| 33:48 | Create | Villager (Male) |
| 33:57 | Build | Town Center |
| 34:19 | Create | Villager (Male) |
| 34:32 | Research | Bodkin Arrow |
| 34:32 | Research | Bodkin Arrow |
| 34:37 | Build | House |
| 34:44 | Build | Siege Workshop |
| 34:54 | Create | Villager (Male) |
| 35:27 | Create | Battering Ram |
| 35:30 | Build | House |
| 35:31 | Create | Villager (Male) |
| 35:31 | Create | Villager (Male) |
| 35:37 | Build | Farm |
| 35:37 | Build | Farm |
| 35:39 | Create | Villager (Male) |
Match timeline
| 0:34 | juand400 · first_building Dock |
| 0:45 | patrikoffv · first_building Dock |
| 0:45 | CTM | Crawly94 · first_building Dock |
| 1:26 | Ux'Tycho0201 · first_building Dock |
| 1:27 | patrikoffv · wall_segment Palisade Wall x1 |
| 1:29 | patrikoffv · wall_segment Palisade Wall x1 |
| 1:31 | patrikoffv · wall_segment Palisade Wall x1 |
| 1:33 | patrikoffv · wall_segment Palisade Wall x1 |
| 2:03 | Elamb · first_building Dock |
| 2:19 | R4W · first_building Dock |
| 3:43 | HernanJC · first_building Dock |
| 8:46 | juand400 · wall_segment Palisade Wall x1 |
| 8:48 | juand400 · wall_segment Palisade Wall x1 |
| 8:49 | juand400 · wall_segment Palisade Wall x1 |
| 9:38 | CTM | Crawly94 · wall_segment Palisade Wall x3 |
| 11:01 | CTM | Crawly94 · wall_segment Palisade Wall x6 |
| 11:16 | HernanJC · first_building Barracks |
| 12:34 | juand400 · age_up feudal |
| 12:36 | CTM | Crawly94 · wall_segment Palisade Wall x1 |
| 13:07 | yonxd · age_up feudal |
| 13:13 | HernanJC · wall_segment Palisade Wall x8 |
| 13:22 | HernanJC · wall_segment Palisade Wall x3 |
| 13:37 | Ux'Tycho0201 · wall_segment Palisade Wall x5 |
| 13:59 | R4W · age_up feudal |
| 14:11 | R4W · first_building Barracks |
| 14:19 | Elamb · first_building Barracks |
| 14:26 | HernanJC · age_up feudal |
| 14:32 | CTM | Crawly94 · age_up feudal |
| 14:44 | patrikoffv · age_up feudal |
| 14:57 | Ux'Tycho0201 · wall_segment Palisade Wall x1 |
| 15:04 | CTM | Crawly94 · wall_segment Palisade Wall x4 |
| 15:22 | Elamb · age_up feudal |
| 15:31 | Elamb · first_building Stable |
| 15:57 | juand400 · first_market_buy 100 stone |
| 15:58 | patrikoffv · first_building Barracks |
| 16:10 | yonxd · first_market_sell 100 stone |
| 16:12 | yonxd · first_market_buy 100 wood |
| 16:25 | yonxd · first_building Barracks |
| 16:29 | CTM | Crawly94 · wall_segment Palisade Wall x5 |
| 16:48 | CTM | Crawly94 · wall_segment Palisade Wall x6 |
| 16:56 | patrikoffv · wall_segment Stone Wall x1 |
| 16:56 | juand400 · age_up castle |
| 17:14 | HernanJC · first_building Stable |
| 17:25 | patrikoffv · wall_segment Stone Wall x6 |
| 17:30 | juand400 · first_building Castle |
| 17:37 | yonxd · first_building Archery Range |
| 17:42 | juand400 · wall_segment Palisade Wall x1 |
| 17:49 | juand400 · wall_segment Palisade Wall x1 |
| 17:51 | juand400 · wall_segment Palisade Wall x1 |
| 17:52 | juand400 · wall_segment Palisade Wall x1 |
| 18:02 | juand400 · wall_segment Palisade Wall x1 |
| 18:12 | CTM | Crawly94 · age_up castle |
| 18:13 | yonxd · age_up castle |
| 18:14 | patrikoffv · age_up castle |
| 18:17 | patrikoffv · first_building Siege Workshop |
| 18:22 | Ux'Tycho0201 · age_up feudal |
| 18:27 | CTM | Crawly94 · wall_segment Palisade Wall x1 |
| 18:28 | CTM | Crawly94 · wall_segment Palisade Wall x1 |
| 18:58 | CTM | Crawly94 · first_market_buy 100 stone |
| 19:10 | patrikoffv · first_building Monastery |
| 19:20 | CTM | Crawly94 · first_building Castle |
| 19:37 | patrikoffv · wall_segment Stone Wall x9 |
| 19:54 | yonxd · first_building Siege Workshop |
| 20:26 | HernanJC · first_building Archery Range |
| 20:38 | HernanJC · wall_segment Palisade Wall x2 |
| 20:57 | CTM | Crawly94 · wall_segment Palisade Wall x1 |
| 21:09 | juand400 · wall_segment Palisade Wall x1 |
| 21:11 | patrikoffv · first_market_sell 100 food |
| 21:39 | yonxd · first_building Monastery |
| 22:03 | HernanJC · age_up castle |
| 22:09 | Elamb · first_market_buy 100 food |
| 22:11 | patrikoffv · first_market_buy 100 stone |
| 22:11 | Elamb · first_market_sell 100 wood |
| 22:38 | HernanJC · first_market_buy 100 wood |
| 22:40 | patrikoffv · first_building Castle |
| 22:40 | R4W · age_up castle |
| 23:01 | juand400 · wall_segment Palisade Wall x1 |
| 23:05 | juand400 · wall_segment Palisade Wall x1 |
| 23:06 | juand400 · wall_segment Palisade Wall x1 |
| 23:08 | Ux'Tycho0201 · wall_segment Stone Wall x3 |
| 23:14 | Ux'Tycho0201 · wall_segment Stone Wall x7 |
| 23:24 | Ux'Tycho0201 · wall_segment Stone Wall x3 |
| 23:27 | Ux'Tycho0201 · wall_segment Stone Wall x1 |
| 23:47 | HernanJC · first_building Castle |
| 23:56 | Ux'Tycho0201 · first_market_sell 100 wood |
| 24:00 | Ux'Tycho0201 · first_market_buy 100 stone |
| 25:09 | Elamb · age_up castle |
| 25:22 | Ux'Tycho0201 · age_up castle |
| 25:23 | Elamb · first_building Monastery |
| 25:41 | CTM | Crawly94 · wall_segment Stone Wall x1 |
| 26:14 | Ux'Tycho0201 · first_building Castle |
| 26:18 | Ux'Tycho0201 · wall_segment Stone Wall x3 |
| 26:21 | Ux'Tycho0201 · wall_segment Stone Wall x1 |
| 26:35 | Ux'Tycho0201 · wall_segment Stone Wall x1 |
| 27:12 | Ux'Tycho0201 · wall_segment Stone Wall x4 |
| 27:13 | CTM | Crawly94 · first_building Barracks |
| 27:19 | Ux'Tycho0201 · wall_segment Stone Wall x4 |
| 27:22 | Ux'Tycho0201 · wall_segment Stone Wall x5 |
| 27:38 | CTM | Crawly94 · wall_segment Palisade Wall x3 |
| 27:54 | HernanJC · first_building Siege Workshop |
| 28:12 | juand400 · wall_segment Palisade Wall x1 |
| 28:14 | juand400 · wall_segment Palisade Wall x1 |
| 28:17 | HernanJC · wall_segment Palisade Wall x2 |
| 28:27 | juand400 · first_market_sell 100 wood |
| 28:55 | HernanJC · wall_segment Palisade Wall x5 |
| 29:09 | juand400 · first_building Barracks |
| 29:56 | juand400 · first_building Stable |
| 29:59 | R4W · first_building Archery Range |
| 30:09 | R4W · first_building Castle |
| 30:58 | CTM | Crawly94 · wall_segment Stone Wall x6 |
| 31:01 | HernanJC · first_market_sell 100 wood |
| 31:10 | CTM | Crawly94 · wall_segment Stone Wall x6 |
| 33:15 | CTM | Crawly94 · first_market_sell 100 wood |
| 34:31 | HernanJC · first_building Monastery |
| 34:44 | HernanJC · wall_segment Palisade Wall x5 |
| 34:44 | Ux'Tycho0201 · first_building Siege Workshop |
| 36:31 | CTM | Crawly94 · age_up imperial |
| 39:50 | yonxd · first_building Castle |
| 41:03 | R4W · first_building Monastery |
| 43:16 | R4W · first_market_buy 100 food |
| 43:21 | juand400 · age_up imperial |
| 43:52 | CTM | Crawly94 · first_building Archery Range |
| 45:18 | Ux'Tycho0201 · wall_segment Palisade Wall x1 |
| 45:46 | Ux'Tycho0201 · resign |
[ AI ANALYSIS · 1 CREDIT ]
What really happened in this match?
Wolo.gg analyzes every decision: build order, eco, micro, common mistakes by bracket. Personalized analysis on WhatsApp or Discord in 30 seconds.
Civ guide
Dravidians
Perfil
patrikoffv